 Dungeon Crawl Stone Soup version 0.26.1-11-gd32895ea62 (webtiles) character file.

Game seed: 7730507586547992218

112772 Almogavar the Peltast (level 16, -6/146 HPs)
             Began as a Minotaur Berserker on Apr 27, 2021.
             Was the Champion of Trog.
             Killed from afar by a will-o-the-wisp (19 damage)
             ... with a foxfire
             ... on level 3 of the Swamp.
             The game lasted 01:29:36 (34240 turns).

Almogavar the Peltast (Minotaur Berserker)         Turns: 34240, Time: 01:29:38

Health: -6/146     AC: 22    Str: 38    XL:     16   Next: 12%
Magic:  15/15      EV: 13    Int:  4    God:    Trog [******]
Gold:   2226       SH: 20    Dex: 11    Spells: 15/15 levels left

rFire    . . .     SeeInvis .   D - +4 scimitar (flame)
rCold    . . .     Faith    .   N - +0 kite shield
rNeg     . . .     Spirit   .   a - +3 chain mail
rPois    .         Reflect  +   z - +0 hat
rElec    +         Harm     .   u - +0 cloak
rCorr    .         Rampage  .   P - +0 pair of gloves "Hion" {rElec rC- Str+4}
Will     +++..                  X - +1 pair of boots
Stlth    ..........             w - amulet of reflection
HPRegen  1.34/turn              G - +6 ring of strength
MPRegen  0.14/turn              r - ring of protection from cold

@: marked, regenerating
A: retaliatory headbutt, horns 2
a: Renounce Religion, Berserk, Trog's Hand, Brothers in Arms


You were on level 3 of the Swamp.
You worshipped Trog.
Trog was exalted by your worship.
You visited 4 branches of the dungeon, and saw 25 of its levels.

You collected 2596 gold pieces.
You spent 370 gold pieces at shops.

Inventory:

Hand Weapons
 g - a +0 demon blade of venom
 s - the +7 lajatang of Boacenn {flame, Str-4 SInv Stlth+}
   (Trog gifted it to you on level 2 of the Orcish Mines)

   It has been specially enchanted to burn those struck by it, causing extra
   injury to most foes and up to half again as much damage against particularly
   susceptible opponents.
   Big, fiery blades are also staple armaments of hydra-hunters.
   It affects your strength (-4).
   It lets you see invisible.
   It makes you more stealthy.
 D - a +4 scimitar of flaming (weapon)
 T - the +2 scimitar of Trog's Hope {vorpal, rPois rF+}
   (Trog gifted it to you on level 6 of the Lair of Beasts)

   It inflicts extra damage upon your enemies.
   It protects you from fire.
   It protects you from poison.
Missiles
 d - 18 boomerangs (quivered)
 f - 15 javelins
 U - 4 poisoned darts
Armour
 a - a +3 chain mail (worn)
 u - a +0 cloak (worn)
 z - a +0 hat (worn)
 N - a +0 kite shield (worn)
 P - the +0 pair of gloves "Hion" (worn) {rElec rC- Str+4}
   (You found it on level 1 of the Lair of Beasts)

   It affects your strength (+4).
   It makes you vulnerable to cold.
   It insulates you from electricity.
 X - a +1 pair of boots (worn)
 Z - a +1 chain mail of positive energy
Jewellery
 b - an uncursed ring of stealth
 i - an uncursed ring of positive energy
 m - an uncursed ring of ice
 r - a ring of protection from cold (right hand)
 w - an amulet of reflection (around neck)
 y - an uncursed ring of protection from fire
 B - an uncursed ring of resist corrosion
 G - a +6 ring of strength (left hand)
 L - an uncursed ring of willpower
 Q - an uncursed amulet of the acrobat
Wands
 n - a wand of digging (2)
 E - a wand of acid (12)
 K - a wand of disintegration (37)
 M - a wand of iceblast (12)
Scrolls
 c - 4 scrolls of enchant weapon
 h - 16 scrolls of teleportation
 k - 6 scrolls of magic mapping
 l - 2 scrolls of enchant armour
 o - 7 scrolls of remove curse
 t - 3 scrolls of fear
 A - 2 scrolls of summoning
 F - 4 scrolls of fog
 J - 4 scrolls of blinking
 O - a scroll of holy word {unknown}
 R - a scroll of silence {unknown}
 V - a scroll of random uselessness {unknown}
 W - a scroll of vulnerability {unknown}
 Y - a scroll of brand weapon {unknown}
Potions
 e - 11 potions of curing
 j - a potion of flight
 p - 3 potions of haste
 q - a potion of degeneration {unknown}
 x - 3 potions of might
 C - 3 potions of heal wounds
 H - 3 potions of mutation {unknown}
 I - 2 potions of cancellation {unknown}
Miscellaneous
 v - a phantom mirror
 S - a condenser vane


   Skills:
 + Level 14.3 Fighting
 - Level 14.8 Long Blades
 - Level 12.1 Throwing
 + Level 15.0 Armour
 + Level 7.6 Dodging
 - Level 0.3 Stealth
 + Level 15.1 Shields
 * Level 6.0 Evocations


You had 15 spell levels left.
You didn't know any spells.
Your spell library was empty.

Dungeon Overview and Level Annotations

Branches:
Dungeon (14/15)            Temple (0/1) D:5            Lair (6/6) D:10
  Swamp (3/4) Lair:4        Snake (0/4) Lair:4        Slime (0/5) Lair:5
    Orc (2/2) D:11            Elf (0/3) Orc:2        Vaults (0/5) D:13

Altars:
Cheibriados
Fedhas
Gozag
Kikubaaqudgha
Nemelex Xobeh
Okawaru
Qazlal
Trog
Uskayaw
The Shining One
Beogh
Jiyva

Shops:
D:7 :!!   D:9 *:((*   Orc:2 ((![

Annotations:
Lair:1 Ibruib Guo's ghost, journeyman MiBe


Innate Abilities, Weirdness & Mutations

You reflexively headbutt those who attack you in melee.
You have a pair of horns on your head.


Message History

You block the four-headed hydra's attack.
The four-headed hydra bites you!
* * * LOW HITPOINT WARNING * * *
The four-headed hydra closely misses you. x2
You block the spriggan rider's attack. The foxfire hits you!
* * * LOW HITPOINT WARNING * * *
The swamp worm barely misses you. You furiously retaliate!
You headbutt the swamp worm. The bunyip barely misses you.
You riposte.
You completely miss the bunyip.
You headbutt the bunyip, but do no damage.
You block the bunyip's attack. The bunyip barely misses you.
A foxfire comes into view.
Blink to where?
Press: ? - help, Dir - move target
As you read the scroll of blinking, it crumbles to dust.
A foxfire comes into view.
The foxfire hits you!
* * * LOW HITPOINT WARNING * * *
The foxfire hits you!!
You die...

*,,,,,,,,,,,,,***,,≈,
♣...,,**,,*,*,*≈≈,≈,≈
♣♣.#.,,**,,*,*,≈,≈≈*≈≈
♣....^,,,,,***,≈,≈,**,
*♣..§.****,,,,,,,≈,,≈*, ***
*,♣§§v###*,,,,≈,,≈,,*** *≈*
*,*♣vF§.,,,,,,,≈*,,,*** *≈*
*≈*♣§≈v♣*≈≈,≈≈,≈*≈,,*,* *≈*
**,**♣§@♣*,,,.≈,**,,,≈,* *,***,,*
♣♣§♣♣,,.≈≈**,,,≈,,* *,,**,,*
♣i§♣,≈$♣***,,,≈*,* *,*,,,≈*
♣x§♣§≈≈♣ *,,,*,,* **,,*≈≈≈*
♣§Dn...♣♣ *,≈≈≈≈≈* *≈≈,,>≈,*
*♣ww≈≈≈≈≈♣**,≈≈,,** **,,,≈≈≈≈*
♣>t♣t≈≈♣≈♣*,,,,,,* *
*,,,,,≈≈≈**♣.≈≈≈≈≈t.♣,**,,,>**
****,,,*,,,,*,..≈...≈≈.♣*≈**,*,**


You could see a bunyip, 2 alligators, a four-headed hydra (strong), a spriggan
rider, a goliath frog, a will-o-the-wisp, a bog body and 2 swamp worms.

Vanquished Creatures
  Jorgrun (D:14)
  Frances (D:14)
  Kirke (Lair:4)
  A fenstrider witch (Swamp:1)
  A frost giant (D:12)
  An orc warlord (Orc:1)
  A bunyip (Swamp:1)
  Snorg (Lair:3)
  2 ettins
  2 eleionomae (Swamp:2)
  The ghost of Molu the Cleaver, a journeyman MiFi of Okawaru (Lair:1)
  6 hydras
  The ghost of Dunwar the Spear-Bearer, a journeyman GnCK of Xom (Lair:1)
  5 vault guards (D:13)
  A boulder beetle (Lair:6)
  3 catoblepae
  The ghost of Wozui the Cleaver, a novice MiBe of Trog (Lair:1)
  2 centaur warriors
  5 ogre magi
  An alligator (Swamp:2)
  A death yak (Lair:5)
  17 two-headed ogres
  A tengu warrior (D:13)
  A deep troll earth mage (D:12)
  Urug (Lair:3)
  An orc high priest (D:13)
  A skeletal warrior (D:12)
  5 goliath frogs
  A wizard (D:13)
  An unseen horror (D:11)
  2 spriggan druids
  2 deep elf archers
  An obsidian statue (D:10)
  5 bog bodies
  2 lindwurms
  Pikel (D:8)
  3 deep elf magi
  2 oklob plants (Lair:3)
  An orc sorcerer (Orc:1)
  2 ugly things
  4 cyclopes
  4 manticores
  A moth of wrath (shapeshifter) (D:12)
  14 black mambas
  Joseph (D:7)
  A torpor snail (Lair:5)
  A molten gargoyle (Lair:3)
  7 cane toads
  Maggie (D:8)
  7 komodo dragons
  A rime drake (Lair:5)
  2 efreet
  2 yaktaurs (D:12)
  3 trolls
  A troll (shapeshifter) (D:12)
  6 polar bears
  11 hornets
  4 tyrant leeches
  3 bloated husks
  12 slime creatures
  4 blink frogs (Lair:5)
  2 dream sheep (Lair:5)
  A vampire (D:14)
  16 spriggans
  37 yaks
  2 wyverns
  A shadow (D:14)
  A wraith (D:10)
  4 basilisks
  5 hogs (Lair:4)
  A human (D:13)
  Grum (D:8)
  5 vampire mosquitoes
  A soldier ant (D:11)
  17 water moccasins
  9 swamp worms
  A warg (Orc:1)
  An acid dragon (D:12)
  A sky beast (D:7)
  A swamp drake (Swamp:2)
  Duvessa (D:5)
  20 orc warriors
  2 ice beasts
  A phantom (D:12)
  2 eyes of draining
  6 black bears
  28 ogres
  39 wolves
  7 centaurs
  3 boggarts (Lair:6)
  A big kobold (D:13)
  18 bullfrogs
  Dowan (D:5)
  A wyvern zombie (D:12)
  4 scorpions
  A water moccasin skeleton (D:6)
  14 killer bees
  9 howler monkeys
  4 electric eels
  A bullfrog skeleton (D:7)
  4 jellies
  6 centaur zombies
  11 hounds
  17 orc priests
  3 centaur skeletons
  3 iguanas
  13 worker ants
  24 orc wizards
  A hound zombie (D:5)
  A worker ant zombie (D:10)
  3 gnolls (D:3)
  18 adders
  2 shadow imps
  2 white imps
  2 ufetubi
  An adder zombie (D:5)
  A worm (D:5)
  5 dart slugs
  4 leopard geckos
  77 orcs
  6 giant cockroaches
  3 goblins
  6 hobgoblins
  11 jackals
  2 quokkas
  A ball python (Lair:4)
  6 bats
  5 frilled lizards
  3 kobolds
  A leopard gecko skeleton (D:4)
  3 rats
694 creatures vanquished.

Vanquished Creatures (others)
  A wizard (D:5)
  A bloated husk (Swamp:1)
  A vampire mosquito (Swamp:1)
  A swamp worm (Swamp:1)
  A boggart (D:12)
  A hound zombie (D:11)
  3 foxfires (Swamp:3)
  40 fungi
  74 plants
  6 withered plants (D:3)
129 creatures vanquished.

Grand Total: 823 creatures vanquished

Notes
Turn   | Place    | Note
-------+----------+-------------------------------------------
     0 | D:1      | Almogavar the Minotaur Berserker began the quest for the
                  | Orb.
     0 | D:1      | Reached XP level 1. HP: 19/19 MP: 0/0
   224 | D:1      | Reached XP level 2. HP: 23/27 MP: 1/1
  1178 | D:2      | Found a hide-covered altar of Uskayaw.
  1185 | D:2      | Reached XP level 3. HP: 28/33 MP: 2/2
  1224 | D:2      | Reached ** piety under Trog
  1820 | D:3      | Reached skill level 5 in Long Blades
  1899 | D:3      | Reached XP level 4. HP: 40/40 MP: 3/3
  2035 | D:3      | Found an ancient bone altar of Kikubaaqudgha.
  2095 | D:3      | Reached skill level 1 in Throwing
  2118 | D:3      | Noticed a bullfrog
  2125 | D:3      | Killed a bullfrog
  2126 | D:3      | Reached XP level 5. HP: 47/47 MP: 4/4
  2223 | D:3      | Noticed an orc warrior
  2239 | D:3      | Killed an orc warrior
  2240 | D:3      | Reached XP level 6. HP: 40/55 MP: 5/5
  2934 | D:4      | Reached skill level 5 in Fighting
  3354 | D:4      | Reached XP level 7. HP: 52/61 MP: 6/6
  3453 | D:4      | Found an opulent altar of Gozag.
  3780 | D:5      | Entered Level 5 of the Dungeon
  3939 | D:5      | Noticed Duvessa
  3956 | D:5      | Killed Duvessa
  3956 | D:5      | Reached *** piety under Trog
  3959 | D:5      | Reached skill level 5 in Armour
  3962 | D:5      | Noticed Dowan
  3975 | D:5      | Killed Dowan
  4321 | D:5      | Reached XP level 8. HP: 68/69 MP: 7/7
  4331 | D:5      | Found a staircase to the Ecumenical Temple.
  4558 | D:5      | Found a bloodstained altar of Trog.
  4559 | D:5      | Noticed a wizard
  4564 | D:5      | Killed a wizard
  5096 | D:6      | Found a blossoming altar of Fedhas.
  5808 | D:7      | Found Wusoasil's Distillery.
  5821 | D:7      | Noticed Joseph
  5835 | D:7      | Killed Joseph
  5963 | D:7      | Found Muhas's Book Shop.
  6006 | D:7      | Reached XP level 9. HP: 71/78 MP: 8/8
  6320 | D:7      | Found a snail-covered altar of Cheibriados.
  6321 | D:7      | Found a sparkling altar of Nemelex Xobeh.
  6321 | D:7      | Found a stormy altar of Qazlal.
  6322 | D:7      | Found a bloodstained altar of Trog.
  6361 | D:7      | Reached **** piety under Trog
  6406 | D:7      | Bought a potion of heal wounds for 70 gold pieces
  6406 | D:7      | Bought a potion of heal wounds for 70 gold pieces
  6689 | D:7      | Reached skill level 10 in Long Blades
  6753 | D:7      | Reached skill level 5 in Throwing
  7133 | D:7      | Found Rasado's Distillery.
  7140 | D:7      | Bought a potion of heal wounds for 55 gold pieces
  7140 | D:7      | Bought a potion of heal wounds for 55 gold pieces
  7558 | D:8      | Noticed Pikel
  7570 | D:8      | Killed Pikel
  7571 | D:8      | Reached skill level 1 in Shields
  7856 | D:8      | Found a glowing golden altar of the Shining One.
  7994 | D:8      | Reached ***** piety under Trog
  8110 | D:8      | Noticed Maggie
  8129 | D:8      | Killed Maggie
  8206 | D:8      | Noticed Grum
  8228 | D:8      | Killed Grum
  8229 | D:8      | Reached XP level 10. HP: 72/86 MP: 9/9
  8789 | D:9      | Found Alefalun's Antique Weapon Boutique.
  8798 | D:9      | Found an iron altar of Okawaru.
  8870 | D:9      | You fall into a shaft and drop 2 floors!
  8927 | D:11     | Found a staircase to the Orcish Mines.
  9003 | D:10     | Entered Level 10 of the Dungeon
  9864 | D:9      | Found Pepalost's Weapon Shop.
  9912 | D:9      | Found Wonesoa's Assorted Antiques.
 10201 | D:9      | Found Ezue's General Store.
 10389 | D:9      | Found Ceughi's Book Emporium.
 10641 | D:9      | Reached skill level 10 in Armour
 11854 | D:10     | Reached XP level 11. HP: 95/95 MP: 10/10
 11857 | D:10     | Noticed an obsidian statue
 11903 | D:10     | Killed an obsidian statue
 11904 | D:10     | Reached skill level 5 in Dodging
 11934 | D:10     | Identified Advanced Spellcasting
 12252 | D:10     | Identified Sif Muna's Grimoire of Glacial Clay
 12431 | D:10     | Found a staircase to the Lair.
 12647 | D:11     | Killed an unseen horror
 12716 | D:11     | Noticed a cyan ugly thing
 12731 | D:11     | Killed a cyan ugly thing
 12733 | D:11     | Paralysed by a hornet for 1 turns
 12963 | D:11     | Noticed a centaur warrior
 12996 | D:11     | Killed a centaur warrior
 13008 | D:11     | Reached skill level 5 in Shields
 13137 | D:11     | Noticed a two-headed ogre
 13145 | D:11     | Killed a two-headed ogre
 13352 | D:11     | Noticed a deep elf mage
 13371 | D:11     | Killed a deep elf mage
 13866 | Orc:1    | Entered Level 1 of the Orcish Mines
 14174 | Orc:1    | Noticed an orc sorcerer
 14184 | Orc:1    | Paralysed by an orc sorcerer for 4 turns
 14191 | Orc:1    | Killed an orc sorcerer
 14309 | Orc:1    | Reached ****** piety under Trog
 14508 | Orc:2    | Entered Level 2 of the Orcish Mines
 14509 | Orc:2    | Found a staircase to the Elven Halls.
 14509 | Orc:2    | Noticed a two-headed ogre
 14522 | Orc:2    | Killed a two-headed ogre
 14523 | Orc:2    | Reached XP level 12. HP: 87/106 MP: 11/11
 14782 | Orc:2    | Reached skill level 10 in Fighting
 14882 | Orc:1    | Noticed an orc warlord
 15116 | Orc:1    | Killed an orc warlord
 15457 | Orc:2    | Noticed an ettin
 15476 | Orc:2    | Killed an ettin
 15839 | Orc:2    | Noticed a two-headed ogre
 15839 | Orc:2    | Noticed a two-headed ogre
 15839 | Orc:2    | Noticed a two-headed ogre
 15839 | Orc:2    | Noticed a two-headed ogre
 15840 | Orc:2    | Noticed a two-headed ogre
 15849 | Orc:2    | Noticed a two-headed ogre
 15849 | Orc:2    | Noticed a two-headed ogre
 15850 | Orc:2    | Noticed an ogre mage
 15851 | Orc:2    | Found Vawuf's Armour Boutique.
 15851 | Orc:2    | Found Quxtubis's Weapon Shoppe.
 15851 | Orc:2    | Found Ujaup's Distillery.
 15851 | Orc:2    | Found Juigiken's Weapon Shop.
 15851 | Orc:2    | Noticed a two-headed ogre
 15851 | Orc:2    | Noticed a two-headed ogre
 15851 | Orc:2    | Noticed a two-headed ogre
 15851 | Orc:2    | Noticed a two-headed ogre
 15851 | Orc:2    | Noticed a two-headed ogre
 15851 | Orc:2    | Noticed an ogre mage
 15851 | Orc:2    | Noticed an ogre mage
 15851 | Orc:2    | Noticed a two-headed ogre
 15854 | Orc:2    | Noticed an ogre mage
 15887 | Orc:1    | Killed a two-headed ogre
 16319 | Orc:2    | Killed a two-headed ogre
 16324 | Orc:2    | Killed a two-headed ogre
 16347 | Orc:2    | Received a gift from Trog
 16416 | Orc:2    | Killed a two-headed ogre
 16530 | Orc:2    | Got a twisted lajatang {god gift}
 16548 | Orc:2    | Killed a two-headed ogre
 16606 | Orc:2    | Killed a two-headed ogre
 16624 | Orc:2    | Killed an ogre mage
 16625 | Orc:2    | Reached skill level 10 in Throwing
 16669 | Orc:2    | Killed a two-headed ogre
 16678 | Orc:2    | Killed a two-headed ogre
 16874 | Orc:2    | Killed an ogre mage
 16875 | Orc:2    | Reached XP level 13. HP: 114/114 MP: 12/12
 16938 | Orc:2    | Bought a potion of heal wounds for 60 gold pieces
 16938 | Orc:2    | Bought a potion of heal wounds for 60 gold pieces
 17579 | Lair:1   | Entered Level 1 of the Lair of Beasts
 17728 | Lair:1   | Identified the +7 lajatang of Boacenn {flame, Str-4 SInv
                  | Stlth+} (Trog gifted it to you on level 2 of the Orcish
                  | Mines)
 18104 | Lair:1   | Found a runed translucent gate.
 18104 | Lair:1   | Noticed Wozui's ghost (novice MiBe)
 18104 | Lair:1   | Noticed Ibruib Guo's ghost (journeyman MiBe)
 18106 | Lair:1   | Found a runed translucent gate.
 18106 | Lair:1   | Found a runed translucent gate.
 18106 | Lair:1   | Noticed Molu's ghost (journeyman MiFi)
 18106 | Lair:1   | Noticed Dunwar's ghost (journeyman GnCK)
 18135 | Lair:1   | HP: 1/115 [Dunwar's ghost (14)]
 18396 | Lair:1   | Killed Wozui's ghost
 18512 | Lair:1   | Got a pair of crude gloves
 18523 | Lair:1   | Identified the cursed +0 pair of gloves "Hion" {rElec rC-
                  | Str+4} (You found it on level 1 of the Lair of Beasts)
 18565 | Lair:1   | Killed Dunwar's ghost
 18891 | Lair:1   | Killed Molu's ghost
 19348 | Lair:2   | Got a brightly glowing hand axe
 19349 | Lair:2   | Identified the +6 hand axe of the Jester {drain, Fragile
                  | rN+ Will+} (You found it on level 2 of the Lair of Beasts)
 20502 | Lair:3   | Noticed Urug
 20519 | Lair:3   | Killed Urug
 21084 | Lair:3   | Noticed Snorg
 21102 | Lair:3   | Killed Snorg
 22188 | Lair:4   | Received a gift from Trog
 22264 | Lair:4   | Noticed Kirke
 22283 | Lair:4   | Killed Kirke
 22284 | Lair:4   | Reached XP level 14. HP: 93/125 MP: 13/13
 22597 | Lair:4   | Found a staircase to the Snake Pit.
 22902 | Lair:4   | Reached skill level 10 in Shields
 23175 | Lair:4   | Found a staircase to the Swamp.
 23707 | Lair:5   | Found a staircase to the Slime Pits.
 23707 | Lair:5   | Found a viscous altar of Jiyva.
 24531 | Lair:6   | Entered Level 6 of the Lair of Beasts
 24760 | Lair:6   | Received a gift from Trog
 24842 | Lair:6   | Got a masterwork scimitar {god gift}
 24843 | Lair:6   | Identified the +2 scimitar of Trog's Hope {vorpal, rPois
                  | rF+} (Trog gifted it to you on level 6 of the Lair of
                  | Beasts)
 25687 | Lair:6   | Reached skill level 1 in Evocations
 27450 | D:12     | Noticed a frost giant
 27454 | D:12     | Killed a frost giant
 27454 | D:12     | Received a gift from Trog
 27763 | D:12     | Reached XP level 15. HP: 126/135 MP: 14/14
 27978 | D:12     | Found a large runed translucent door.
 27979 | D:12     | Found a large runed translucent door.
 27996 | D:12     | Found a large runed translucent door.
 27996 | D:12     | Found a large runed translucent door.
 29119 | D:13     | Found a runed translucent door.
 29327 | D:13     | Found a gate to the Vaults.
 29698 | D:13     | Received a gift from Trog
 30072 | D:13     | Found a roughly hewn altar of Beogh.
 30248 | D:14     | Noticed Jorgrun
 30275 | D:14     | Killed Jorgrun
 30378 | D:14     | Noticed Frances
 30388 | D:14     | Killed Frances
 31168 | D:14     | Reached skill level 5 in Evocations
 31925 | Swamp:1  | Entered Level 1 of the Swamp
 32375 | Swamp:1  | Noticed a fenstrider witch
 32386 | Swamp:1  | Paralysed by a fenstrider witch for 3 turns
 32390 | Swamp:1  | Killed a fenstrider witch
 33541 | Swamp:2  | Reached XP level 16. HP: 146/146 MP: 15/15
 33552 | Swamp:2  | Reached skill level 15 in Armour
 33699 | Swamp:2  | Reached skill level 15 in Shields
 34240 | Swamp:3  | Killed from afar by a will-o-the-wisp

Illustrated notes

Levels and vault maps discovered:
D:1:      ncdulo_halloftheorcs, layout_loops_ring, minivault_26,
          minmay_distorted
D:2:      layout_basic, eat_drink_and_be_merry_uskayaw
D:3:      layout_loops_cross, kiku_gazebo_garden_becter
D:4:      layout_loops_ring, grunt_gozag_statues
D:5:      layout_basic, minmay_temple_entry_trees, hex_large, trog_wizard,
          uniq_duvessa
D:6:      layout_basic, kennysheep_mini_moat, minivault_23,
          kennysheep_generic_room_3
D:7:      layout_basic, chequers_temple_overflow_statue_of_worship,
          serial_shops, nicolae_shop_waterfront, shop, shop,
          columned_hall_lemuel, uniq_joseph
D:8:      layout_rooms, tso_metal_star, uniq_pikel, uniq_maggie, uniq_grum
D:9:      layout_loops_cross, kennysheep_little_box, serial_shops,
          nicolae_shop_behind_doors, nicolae_shop_window_shopping,
          nicolae_shop_competitors_out_of_business, shop,
          nicolae_shop_overgrown_old_shop
D:10:     layout_irregular_city, david_lair_shrubbed, st_stairs_12,
          minmay_misc_feat_enclosed, minivault_15, evilmike_butchery
D:11:     layout_roguey, david_orc_2
D:12:     minmay_octo_star, layout_irregular_city, minmay_hollow_rounded_squares
D:13:     layout_loops_ring, grunt_vaults_entry_fortified,
          lightli_church_of_beogh
D:14:     layout_layer_cave, minmay_misc_feat_room, uniq_jorgrun, uniq_frances
Lair:1:   layout_long_grid, gammafunk_ghost_cemetery, serial_bayou_shore_b
Lair:2:   layout_layer_cave
Lair:3:   statuecave_lemuel, layout_gridlike, serial_bayou_lagoon_b,
          minmay_lair_oklob_chamber, lemuel_fruit_tree, uniq_urug, uniq_snorg
Lair:4:   layout_roguey, nicolae_swamp_entry_splash_gauntlet,
          minmay_snake_entry_six_corridors, uniq_kirke
Lair:5:   layout_gridlike, slime_altar_1, nzn_random_ring
Lair:6:   minmay_lair_end_enchanted_forest, layout_small_grid,
          grunt_forest_stairs_basic, nzn_sisyphean_effort
Swamp:1:  layout_basic_swamp, evilmike_swamp_ruin_house_2, swamp_pool2,
          lightli_tree_ring
Swamp:2:  layout_basic_swamp, nicolae_swamp_stair_fork
Swamp:3:  layout_falls_marsh, portal_ice_cave_entry_pillars_three,
          evilmike_swamp_ruin_rubble_1, infiniplex_staircase_pool_2
Orc:1:    layout_caves, nicolae_orc_stony_grotto
Orc:2:    st_orc_ogre_mass, layout_diamond_mine

Skill      XL: |  1  2  3  4  5  6  7  8  9 10 11 12 13 14 15 16 |
---------------+-------------------------------------------------+-----
Fighting       | 4 5 6 7 8 9 10 11 13 14 | 14.3
Long Blades    | 4 5 6 7 9 10 11 13 14 | 14.8
Throwing       | 1 2 3 4 6 7 8 10 11 12 | 12.1
Armour         | 3 4 5 7 8 10 11 12 13 14 15 | 15.0
Dodging        | 3 4 5 6 7 |  7.6
Shields        | 2 3 6 8 9 12 14 15 | 15.1
Evocations     | 2 5 6 |  6.0
Stealth        | |  0.3

Action                   |  1- 3 |  4- 6 |  7- 9 | 10-12 | 13-15 | 16-18 || total
-------------------------+-------+-------+-------+-------+-------+-------++-------
Melee: Falchion          |    68 |    83 |   340 |   459 |       |       ||   950
       Headbutt          |    10 |    20 |    73 |   171 |   293 |    25 ||   592
       Scimitar          |       |       |       |   160 |  1115 |    58 ||  1333
Throw: Dart              |       |    24 |    97 |   242 |   140 |       ||   503
       Boomerang         |       |       |       |     6 |   126 |    12 ||   144
Invok: Berserk           |       |     2 |     3 |    12 |    10 |       ||    27
       Trog's Hand       |       |       |     1 |     2 |     5 |     1 ||     9
       Brothers in Arms  |       |       |       |       |     2 |       ||     2
Evoke: Wand              |       |       |       |       |     1 |       ||     1
  Use: Scroll            |     5 |     1 |     7 |     3 |     7 |     3 ||    26
       Potion            |       |       |       |     7 |     2 |       ||     9
 Stab: Distracted        |       |       |       |     1 |       |       ||     1
Armor: Animal skin       |    10 |       |       |       |       |       ||    10
       Ring mail         |     7 |    21 |       |       |       |       ||    28
       Scale mail        |       |       |    49 |       |       |       ||    49
       Chain mail        |       |       |    76 |   219 |   242 |    19 ||   556
       Skin              |       |       |       |    37 |       |       ||    37
Dodge: Dodged            |    46 |    36 |   126 |   209 |   217 |    20 ||   654
Block: Other             |       |       |    25 |    78 |       |       ||   103
       Reflection        |       |       |       |    15 |    26 |     1 ||    42
       Kite shield       |       |       |       |   160 |   742 |    56 ||   958
       Rpst.: Falchion   |    12 |    10 |    41 |    59 |       |       ||   122
       Scimitar          |       |       |       |     8 |    56 |     4 ||    68
